Map: Odyssey LE

Players

Bourbond - Winner!

  • Race: Terran Terran
  • League: Master
  • Spawn Location: 11:00

Andy

  • Race: Protoss Protoss
  • League: Diamond
  • Spawn Location: 5:00

VOD

Have the link to the VOD?

Description

Time

  • Played on: Dec. 25, 2017, 2:51 p.m.
  • Length: 11:46
Show
View Real Time Build Order
Export as new Build Order

Bourbond Terran - Winner!

Build Orders: Cyclone Opening, Reaper Expand, Mech 

Get SALT Encoding   

  12  0:01  SCV  
  13  0:14  SCV  
  14  0:17  Supply Depot  
  14  0:26  SCV  
  14  0:27  Refinery  
  15  0:39  SCV  
  16  0:46  Barracks  
  16  0:51  SCV  
  17  1:03  SCV  
  18  1:15  SCV  
  19  1:33  Orbital Command  
  19  1:34  Reaper  
  20  1:52  Command Center  
  19  2:03  Factory  
  19  2:07  SCV  
  20  2:13  Barracks Reactor  
  20  2:20  SCV  
  20  2:21  Refinery  
  21  2:29  Supply Depot  
  21  2:32  SCV  
  22  2:45  SCV  
  23  2:55  Cyclone  
  23  2:57  SCV  
  27  3:02  Cyclone  
  30  3:07  Orbital Command  
  30  3:18  SCV  
  31  3:27  Cyclone  
  31  3:30  SCV  
  31  3:32  SCV  
  36  3:39  Cyclone  
  39  3:42  SCV  
  39  3:45  SCV  
  41  3:50  Supply Depot  
  41  3:52  Supply Depot  
  41  3:54  SCV  
  42  3:57  SCV  
  43  4:06  SCV  
  43  4:07  Barracks Tech Lab  
  43  4:09  SCV  
  45  4:23  SCV x2  
  47  4:27  Command Center  
  47  4:28  Supply Depot  
  44  4:35  SCV x2, Refinery  
  44  4:36  Refinery  
  46  4:47  SCV  
  46  4:48  Factory  
  46  4:50  Factory  
  46  4:51  Armory  
  47  4:56  SCV  
  47  4:59  SCV  
  49  5:08  SCV  
  49  5:10  Siege Tank  
  49  5:12  Barracks Tech Lab  
  49  5:13  SCV  
  54  5:17  Engineering Bay  
  53  5:24  SCV  
  53  5:25  SCV  
  55  5:38  SCV  
  55  5:41  Siege Tank  
  63  5:43  Siege Tank, Hellion x2  
  63  5:44  Orbital Command  
  63  5:46  SCV  
  63  5:47  Terran Vehicle Weapons Level 1  
  67  5:51  Supply Depot, Armory  
  67  5:53  SCV  
  68  5:58  Missile Turret  
  68  6:00  Missile Turret  
  68  6:02  Missile Turret  
  68  6:13  Siege Tank  
  68  6:15  Siege Tank, Hellion x2  
  68  6:18  Orbital Command, SCV  
  79  6:31  Supply Depot  
  79  6:33  Missile Turret  
  79  6:38  Hellion x2  
  83  6:42  Terran Vehicle And Ship Armor Level 1  
  83  6:44  SCV x3  
  83  6:45  Siege Tank  
  89  6:47  Siege Tank  
  90  6:56  SCV x3  
  90  7:00  Missile Turret  
  91  7:08  Hellion, SCV  
  94  7:09  Hellion, Refinery x2  
  94  7:10  Factory  
  94  7:13  Starport, Factory  
  94  7:14  SCV  
  97  7:19  Supply Depot, Barracks Reactor  
  97  7:21  Supply Depot  
  89  7:44  Siege Tank x2  
  89  7:45  Hellion x2  
  89  7:50  Missile Turret  
  99  7:58  SCV x3  
  99  8:04  Factory Reactor, Factory Tech Lab  
  102  8:08  Hellion x2  
  102  8:09  Infernal Pre-Igniter  
  102  8:10  Smart Servos, SCV  
  107  8:12  Terran Vehicle Weapons Level 2  
  107  8:14  SCV x2  
  109  8:22  SCV  
  109  8:26  Hellion x2, SCV x2  
  116  8:32  Supply Depot, Hellion x3  
  116  8:33  Supply Depot  
  119  8:35  Supply Depot, SCV  
  107  8:41  SCV  
  107  8:54  Siege Tank  
  110  8:55  Thor  
  110  8:56  Hellion x3  
  110  8:57  Hellion  
  110  8:58  Siege Tank  
  110  8:59  SCV x2  
  129  9:03  Terran Vehicle And Ship Armor Level 2  
  129  9:04  Supply Depot  
  129  9:05  Supply Depot, Viking  
  129  9:07  Viking  
  133  9:18  Sensor Tower  
  137  9:24  Hellion x3  
  139  9:35  Siege Tank  
  139  9:36  Drilling Claws  
  142  9:53  Thor x2  
  142  9:56  Medivac x2  
  158  10:01  Hellion x7, SCV  
  158  10:02  Supply Depot  
  158  10:03  Supply Depot x2, Command Center  
  157  10:30  Siege Tank  
  157  10:31  Hellion x3  
  164  10:36  Siege Tank  
  164  10:38  Siege Tank  
  162  11:02  Thor  
  158  11:08  Siege Tank  
  156  11:11  Cyclone x2  
  156  11:12  Cyclone x2  
  156  11:13  Viking  
  164  11:32  SCV  
Show
View Real Time Build Order
Export as new Build Order

Andy Protoss 

Build Orders: 1 Gate Expand 

Get SALT Encoding   

  12  0:00  Probe  
  13  0:13  Probe  
  14  0:17  Pylon  
  14  0:25  Probe (Chrono Boost)  
  15  0:37  Probe (Chrono Boost)  
  15  0:38  Gateway  
  16  0:43  Assimilator  
  16  0:45  Probe (Chrono Boost)  
  17  0:53  Probe  
  18  1:05  Probe  
  19  1:17  Probe  
  20  1:24  Nexus  
  20  1:33  Cybernetics Core  
  20  1:35  Probe  
  21  1:59  Assimilator  
  21  2:08  Warp Gate (Chrono Boost), Stalker (Chrono Boost)  
  21  2:10  Pylon  
  23  2:17  Probe  
  23  2:30  Stalker, Probe  
  26  2:40  Probe  
  26  2:43  Probe  
  28  2:46  Robotics Facility  
  28  2:53  Probe  
  28  2:56  Probe (Chrono Boost)  
  30  3:05  Probe (Chrono Boost)  
  31  3:12  Gateway  
  32  3:13  Stalker (Chrono Boost), Probe (Chrono Boost)  
  32  3:14  Gateway  
  32  3:15  Probe (Chrono Boost)  
  35  3:21  Probe  
  36  3:27  Pylon, Probe  
  37  3:35  Observer (Chrono Boost)  
  38  3:43  Probe x2  
  40  3:49  Twilight Council  
  39  4:09  Immortal (Chrono Boost)  
  43  4:16  Assimilator  
  41  4:30  Probe x2  
  41  4:31  Stalker x2  
  41  4:38  Pylon  
  45  4:40  Pylon  
  45  4:42  Probe  
  43  4:49  Immortal (Chrono Boost)  
  46  4:57  Probe x2  
  46  5:03  Pylon, Stalker  
  46  5:05  Zealot x2  
  52  5:09  Probe x2  
  54  5:17  Charge (Chrono Boost)  
  54  5:26  Probe x2 (Chrono Boost)  
  56  5:37  Assimilator  
  56  5:38  Probe (Chrono Boost)  
  56  5:41  Immortal  
  62  5:44  Probe (Chrono Boost)  
  62  5:47  Zealot x2  
  66  5:51  Probe x2 (Chrono Boost)  
  68  6:04  Probe x2  
  70  6:13  Pylon  
  70  6:16  Pylon  
  70  6:21  Pylon  
  70  6:26  Pylon  
  70  6:31  Warp Prism  
  72  6:37  Blink (Chrono Boost)  
  72  6:38  Forge  
  72  6:39  Forge  
  72  7:10  Zealot x3  
  72  7:11  Probe  
  72  7:12  Probe  
  72  7:15  Protoss Ground Weapons Level 1 (Chrono Boost)  
  80  7:21  Gateway  
  80  7:23  Gateway  
  80  7:25  Protoss Ground Armor Level 1 (Chrono Boost), Gateway  
  80  7:26  Gateway  
  80  7:34  Stalker x3  
  82  7:47  Probe x2  
  84  7:52  Nexus  
  83  7:58  Nexus  
  83  8:12  Probe x2  
  85  8:20  Templar Archives  
  85  8:22  Zealot  
  85  8:23  Zealot x2  
  49  8:55  Stalker  
  49  8:56  Stalker x2  
  49  9:00  Immortal (Chrono Boost)  
  55  9:05  Probe x2  
  61  9:13  Stargate  
  61  9:16  High Templar x2  
  61  9:17  Probe, High Templar x2  
  67  9:18  Probe x2  
  72  9:26  Nexus  
  72  9:30  Probe (Chrono Boost)  
  72  9:31  Probe (Chrono Boost)  
  74  9:35  Pylon  
  74  9:39  Pylon, Probe (Chrono Boost)  
  74  9:43  Archon x2  
  77  9:47  Probe (Chrono Boost)  
  77  9:48  Probe (Chrono Boost)  
  77  9:50  Immortal (Chrono Boost)  
  81  9:55  Shield Battery  
  81  9:58  Stalker  
  82  10:08  Probe x2  
  82  10:09  Void Ray (Chrono Boost)  
  88  10:16  Stargate  
  88  10:18  Observer (Chrono Boost)  
  83  10:29  Stalker x2  
  83  10:30  Stalker x4  
  84  10:44  Void Ray (Chrono Boost)  
  84  10:46  Probe  
  89  10:52  Robotics Bay  
  79  11:02  Stalker x2  
  43  11:19  Zealot  
  43  11:20  Zealot x3  
Tags
 
Add a new tag
Caveats
  • Supply blocks, unpowered buildings, or Contaminate may cause inaccurate times.
  • Supply counts are checked every 10 seconds.